 Dungeon Crawl Stone Soup version 0.29.1-15-g9cfb28693d (webtiles) character file.

Game seed: 631711112597227677

81 Heoruswealwe the Shield-Bearer (level 4, -2/41 HPs)
             Began as a Minotaur Fighter on Mar 7, 2023.
             Was an Initiate of the Shining One.
             Slain by a gnoll
             ... wielding a +0 spear
              (5 damage)
             ... on level 3 of the Dungeon.
             The game lasted 00:17:32 (1857 turns).

Heoruswealwe the Shield-Bearer (Minotaur Fighter)   Turns: 1857, Time: 00:17:33

Health: -2/41      AC:  9    Str: 23      XL:     4   Next: 20%
Magic:  3/3        EV:  7    Int:  5      God:    the Shining One [......]
Gold:   135        SH:  4    Dex:  6 (9)  Spells: 3/3 levels left

rFire   . . .      SeeInvis .   a - +0 war axe
rCold   . . .      Faith    .   c - +0 buckler
rNeg    . . .      Spirit   .   i - +0 chain mail
rPois   .          Reflect  .   (helmet restricted)
rElec   .          Harm     .   (no cloak)
rCorr   .          Rampage  .   (no gloves)
Will    .....                   (no boots)
Stlth   ..........              (no amulet)
HPRegen 0.13/turn               (no ring)
MPRegen 0.08/turn               (no ring)

@: glowing, very slow
A: horns 2, retaliatory headbutt
a: Renounce Religion


You were on level 3 of the Dungeon.
You worshipped the Shining One.
The Shining One was noncommittal.
You visited 1 branch of the dungeon, and saw 3 of its levels.

You collected 135 gold pieces.

Inventory:

Hand Weapons
 a - a +0 war axe (weapon)
Armour
 c - a +0 buckler (worn)
 i - a +0 chain mail (worn)
Wands
 l - a wand of flame (19)
Scrolls
 e - a scroll of poison {unknown}
 h - a scroll of fear
 j - 2 scrolls of teleportation
Potions
 b - a potion of heal wounds
 d - a potion of might
 f - a potion of flight
 g - 2 potions of curing
 k - a potion of haste {unknown}


   Skills:
 + Level 4.3 Fighting
 + Level 3.4 Axes
 + Level 4.3 Armour
 + Level 4.3 Shields


You had 3 spell levels left.
You didn't know any spells.
Your spell library was empty.

Dungeon Overview and Level Annotations

Branches:
Dungeon (3/15)

Altars:
Cheibriados
The Shining One


Innate Abilities, Weirdness & Mutations

You have a pair of horns on your head.
You reflexively headbutt those who attack you in melee.


Message History

The worm is almost dead.
The worm bites you but does no damage.
You slash the worm!
You kill the worm!
You hit the hobgoblin. You headbutt the hobgoblin.
You kill the hobgoblin!
The gnoll hits you from afar with a +0 halberd.
A gnoll comes into view.
It is wielding a +0 flail of protection.
The gnoll hits you but does no damage. The goblin completely misses you.
You furiously retaliate!
You headbutt the goblin!
You kill the goblin!
The gnoll hits you from afar with a +0 halberd!
A kobold comes into view.
It is wielding a +0 club and quivering datura-tipped darts.
You hit the endoplasm.
The endoplasm is lightly wounded.
The endoplasm freezes you.
You are frozen.
The gnoll hits you from afar with a +0 spear.
You slash the endoplasm!
You kill the endoplasm!
The gnoll hits you from afar with a +0 spear.
The gnoll hits you from afar with a +0 halberd. x2
The gnoll barely misses you. You furiously retaliate!
You headbutt the gnoll.
The gnoll hits you with a +0 flail of protection.
* * * LOW HITPOINT WARNING * * *
The gnoll hits you but does no damage.
The gnoll hits you from afar with a +0 halberd!
* * * LOW HITPOINT WARNING * * *
The gnoll hits you with a +0 spear.
* * * LOW HITPOINT WARNING * * *
You block the gnoll's attack.
Items here: ) ? [ †.
The gnoll attacks as you move away! The gnoll barely misses you.
You furiously retaliate!
You headbutt the gnoll.
The gnoll hits you from afar with a +0 spear.
* * * LOW HITPOINT WARNING * * *
You block the gnoll's attack. The gnoll completely misses you.
The gnoll hits you from afar with a +0 spear.
You die...

#....gK# #)# #g#
#g# #.# #.##.#
#g##.#
#########.##.#
#.......@.##.#
#.##########'####
##### #.#
#.........# #....
#.# #.........#
#.### #.#
#......)..#####'##
#.#
####.......).....#
#.#
#..###........#
#.#
#....#........##
#.#
##.#.#..........


You could see 3 gnolls.

Vanquished Creatures
  Jessica (D:3)
  An adder (D:2)
  A worm (D:3)
  2 dart slugs
  An orc (D:3)
  5 endoplasms
  A giant cockroach (D:1)
  2 goblins
  2 hobgoblins
  4 jackals (D:3)
  2 quokkas
  4 ball pythons
  2 bats
  3 frilled lizards
  2 kobolds
  6 rats
39 creatures vanquished.

Notes
Turn   | Place    | Note
-------+----------+-------------------------------------------
     0 | D:1      | Heoruswealwe the Minotaur Fighter began the quest for the
                  | Orb.
     0 | D:1      | Reached XP level 1. HP: 19/19 MP: 0/0
   115 | D:1      | Reached XP level 2. HP: 27/27 MP: 1/1
  1330 | D:2      | Reached XP level 3. HP: 20/33 MP: 2/2
  1366 | D:2      | Found a faded altar of an unknown god.
  1370 | D:2      | Prayed at the altar of an unknown god.
  1370 | D:2      | Became a worshipper of Cheibriados the Contemplative
  1370 | D:2      | Reached * piety under Cheibriados
  1372 | D:2      | Fell from the grace of Cheibriados
  1496 | D:3      | Found a glowing golden altar of the Shining One.
  1502 | D:3      | Became a worshipper of the Shining One
  1653 | D:3      | Noticed Jessica
  1660 | D:3      | Killed Jessica
  1709 | D:3      | Reached XP level 4. HP: 33/41 MP: 3/3
  1851 | D:3      | HP: 2/41 [gnoll/+0 spear (1)]
  1857 | D:3      | Slain by a gnoll

Illustrated notes

Levels and vault maps discovered:
D:1:      evilmike_arrival_hilbert_curve, layout_basic, st_stairs_12
D:2:      layout_basic, shapermc_ecumenical_altar_mp_vishouse
D:3:      layout_basic, tso_metal_star, uniq_jessica, uniq_natasha

Skill      XL: |  1  2 |
---------------+-------+-----
Fighting       | 4 |  4.3
Shields        | 4 |  4.3
Armour         | 4 |  4.3
Axes           | 3 |  3.4

Action                   |  1- 3 |  4- 6 || total
-------------------------+-------+-------++-------
Melee: War axe           |    60 |     9 ||    69
       Headbutt          |     4 |     2 ||     6
Invok: Renounce Religion |     1 |       ||     1
  Use: Scroll            |     5 |       ||     5
Armor: Scale mail        |     6 |       ||     6
       Chain mail        |    23 |     3 ||    26
Dodge: Dodged            |    21 |    10 ||    31
Block: Buckler           |     7 |     4 ||    11
